 Dungeon Crawl Stone Soup version 0.25.0-9-g26727b657a (webtiles) character file.

Game seed: 12608384307896194545

4414 Froggeryz the Grappler (level 10, -4/65 HPs)
             Began as a Gargoyle Monk on June 19, 2020.
             Was a Priest of Cheibriados.
             Killed from afar by Erolcha (51 damage)
             ... with a crystal spear
             ... on level 9 of the Dungeon.
             The game lasted 00:10:13 (7267 turns).

Froggeryz the Grappler (Gargoyle Monk)              Turns: 7267, Time: 00:10:14

Health: -4/65      AC: 19    Str: 25    XL:     10   Next: 36%
Magic:  10/10      EV: 11    Int: 20    God:    Cheibriados [***...]
Gold:   401        SH:  0    Dex: 19    Spells: 8/9 levels left

rFire    + . .     SeeInvis .     - Unarmed
rCold    . . .     Gourm    .   (no shield)
rNeg     + . .     Faith    .   c - +0 scale mail
rPois    ∞         Spirit   .   j - +0 helmet
rElec    +         Reflect  .   (no cloak)
rCorr    .         Harm     .   (no gloves)
MR       .....                  (no boots)
Stlth    +.........             (no amulet)
HPRegen  0.20/turn              i - ring of protection from fire
MPRegen  0.12/turn              a - +4 ring of slaying

@: very slow
A: slimy green scales 1, yellow scales 1, negative energy resistance 1,
electricity resistance, strong 1, unbreathing, petrification resistance, rot
immunity, AC +7
a: Bend Time, Temporal Distortion, Renounce Religion


You were on level 9 of the Dungeon.
You worshipped Cheibriados.
Cheibriados was most pleased with you.
You were not hungry.

You visited 2 branches of the dungeon, and saw 10 of its levels.

You collected 401 gold pieces.

Inventory:

Hand Weapons
 s - the +7 hand axe "Zaoq" {flame, Dex+6}
   (You found it on level 7 of the Dungeon)

   It has been specially enchanted to burn those struck by it, causing extra
   injury to most foes and up to half again as much damage against particularly
   susceptible opponents.
   Big, fiery blades are also staple armaments of hydra-hunters.
   It affects your dexterity (+6).
Missiles
 n - 2 throwing nets (quivered)
Armour
 c - a +0 scale mail (worn)
 j - a +0 helmet (worn)
Magical Staves
 u - an uncursed staff of wizardry
Jewellery
 a - a +4 ring of slaying (right hand)
 i - a ring of protection from fire (left hand)
 t - an uncursed ring of poison resistance {unknown}
 v - an uncursed ring of fire {unknown}
Wands
 g - a wand of acid (12)
 q - a wand of clouds (1)
 x - a wand of paralysis (9)
Scrolls
 d - a scroll of noise {unknown}
 e - 2 scrolls of teleportation
 f - 2 scrolls of amnesia
 h - a scroll of magic mapping
 k - 4 scrolls of remove curse
 m - a scroll of identify
 p - a scroll of enchant weapon
 w - a scroll of silence
Potions
 l - a potion of magic
 o - 2 potions of ambrosia
 r - a potion of curing
 A - a potion of brilliance {unknown}
Comestibles
 b - 22 rations


   Skills:
 + Level 8.4 Fighting
 - Level 4.2 Armour
 - Level 2.4 Dodging
 - Level 2.1 Stealth
 * Level 12.4 Unarmed Combat


You had 8 spell levels left.
You knew the following spells:

 Your Spells              Type           Power        Failure   Level  Hunger
a - Apportation           Tloc           #.....       41%         1    ##.....

Your spell library contained the following spells:

 Spells                   Type           Power        Failure   Level  Hunger
 Animate Skeleton         Necr           N/A          41%         1    ##.....
 Corona                   Hex            #......      41%         1    ##.....
 Freeze                   Ice            #...         41%         1    ##.....
 Magic Dart               Conj           #...         41%         1    ##.....
 Summon Small Mammal      Summ           #...         41%         1    ##.....
 Searing Ray              Conj           #.....       54%         2    ###....
 Slow                     Hex            #.......     54%         2    ###....
 Dazzling Flash           Conj/Hex       #.....       78%         3    ####...
 Frozen Ramparts          Ice            #.....       78%         3    ####...
 Inner Flame              Hex/Fire       #.......     78%         3    ####...
 Ozocubu's Armour         Chrm/Ice       #.......     78%         3    ####...
 Portal Projectile        Hex/Tloc       #.....       78%         3    ####...
 Cause Fear               Hex            #.........   99%         4    #####..
 Fulminant Prism          Conj/Hex       #.........   99%         4    #####..
 Hailstorm                Conj/Ice       #.......     99%         4    #####..
 Iskenderun's Mystic Bla  Conj/Tloc      #.......     99%         4    #####..
 Leda's Liquefaction      Hex/Erth       #.........   99%         4    #####..
 Summon Ice Beast         Ice/Summ       #.......     99%         4    #####..


Dungeon Overview and Level Annotations

Branches:
Dungeon (9/15)             Temple (1/1) D:5
   Lair: D:8-11         Orc: D:9-12

Altars:
Ashenzari
Cheibriados
Dithmenos
Elyvilon
Fedhas
Gozag
Hepliaklqana
Kikubaaqudgha
Makhleb
Nemelex Xobeh
Okawaru
Qazlal
Ru
Sif Muna
Trog
Uskayaw
Vehumet
Wu Jian
Xom
Yredelemnul
Zin
The Shining One

Shops:
D:7 (

Annotations:
D:9 Erolcha


Innate Abilities, Weirdness & Mutations

You are resistant to torment.
Your stone body is resilient. (AC +7)
You are immune to poison.
You resist negative energy. (rN+)
You are resistant to electric shocks. (rElec)
You can survive without breathing.
You are immune to petrification.
You are immune to rotting.
You are partially covered in slimy green scales. (AC +2)
You are partially covered in yellow scales. (AC +2)
Your muscles are strong. (Str +2)


Message History

Done exploring.
Done exploring.
All of the chunks of flesh in your inventory have rotted away.
There is a stone staircase leading down here.
You climb downwards.
There is a stone staircase leading up here.
b - 22 rations (gained 1)
Found a stone staircase leading down.
You open the door.
Erolcha the Cunning comes into view.
She is wielding a +0 giant spiked club and carrying a wand of iceblast (9).
Erolcha mumbles some strange words.
Erolcha seems to speed up.
Found a falchion.
There is an open door here.
Erolcha is nearby!
Erolcha hits you with a +0 giant spiked club!!
Erolcha casts a spell at you. The crystal spear hits you!!!
Ouch! That really hurt!
You die...

#.#.......# #.#
#..)...##.#.#####.###.#
#......##>.............
#......####.#########.#
#...≈..# #.# .........
#...≈..# #.# .#######.
#......# #.# #.
#......####.## ##
#....O@'.....# #
#......####### #
###+###. # .# # .. #
.#. # .#. . .# # #


You could see Erolcha (fast).

Vanquished Creatures
  Pikel (D:8)
  3 hogs (D:7)
  A yak (D:7)
  A human (D:7)
  A hungry ghost (D:8)
  Menkaure (D:7)
  A water moccasin (D:8)
  Duvessa (D:7)
  A slave (D:8)
  6 orc warriors
  An ice beast (D:6)
  A black bear (D:8)
  2 ogres
  3 centaurs
  A big kobold (D:6)
  3 bullfrogs
  Dowan (D:7)
  A water moccasin skeleton (D:7)
  A wyvern skeleton (D:7)
  2 scorpions
  2 crimson imps
  A jelly (D:6)
  5 orc priests
  4 hounds
  A bullfrog skeleton (D:6)
  5 iguanas
  10 orc wizards
  A hound skeleton (D:5)
  Robin (D:2)
  11 adders
  10 gnolls
  A howler monkey skeleton (D:4)
  2 adder skeletons (D:5)
  4 worms
  3 dart slugs
  5 leopard geckos
  24 orcs
  A ball python (D:3)
  7 bats
  8 giant cockroaches
  9 goblins
  8 hobgoblins
  5 jackals (D:1)
  5 quokkas
  2 frilled lizards
  13 kobolds
  A leopard gecko skeleton (D:4)
  8 rats
190 creatures vanquished.

Vanquished Creatures (others)
  A bullfrog skeleton (D:8)
  2 orcs (D:8)
3 creatures vanquished.

Grand Total: 193 creatures vanquished

Notes
Turn   | Place    | Note
-------+----------+-------------------------------------------
     0 | D:1      | Froggeryz the Gargoyle Monk began the quest for the Orb.
     0 | D:1      | Reached XP level 1. HP: 14/14 MP: 1/1
   163 | D:1      | Reached XP level 2. HP: 12/19 MP: 2/2
   334 | D:1      | Reached skill level 4 in Unarmed Combat
   392 | D:1      | Reached XP level 3. HP: 13/23 MP: 3/3
   411 | D:1      | Gained mutation: You are partially covered in slimy green
                  | scales. (AC +2) [potion of mutation]
   411 | D:1      | Gained mutation: You are frail. (-10% HP) [potion of
                  | mutation]
   411 | D:1      | Gained mutation: You tend to lose your temper in combat.
                  | [potion of mutation]
   411 | D:1      | Gained mutation: Your movements are slightly less
                  | encumbered by armour. (ER -2) [potion of mutation]
   412 | D:1      | Lost mutation: You tend to lose your temper in combat.
                  | [potion of mutation]
   412 | D:1      | Lost mutation: You are frail. (-10% HP) [potion of
                  | mutation]
   412 | D:1      | Lost mutation: Your movements are slightly less encumbered
                  | by armour. (ER -2) [potion of mutation]
   412 | D:1      | Gained mutation: You are partially covered in yellow
                  | scales. (AC +2) [potion of mutation]
   412 | D:1      | Gained mutation: Your muscles are strong. (Str +2) [potion
                  | of mutation]
   806 | D:2      | Noticed Robin
  1036 | D:2      | Killed Robin
  1036 | D:2      | Reached XP level 4. HP: 28/28 MP: 4/4
  1078 | D:2      | Reached skill level 5 in Unarmed Combat
  1383 | D:2      | Reached XP level 5. HP: 32/32 MP: 5/5
  1560 | D:2      | Reached skill level 1 in Armour
  2174 | D:3      | Reached skill level 6 in Unarmed Combat
  2208 | D:3      | Reached XP level 6. HP: 32/37 MP: 6/6
  3006 | D:4      | Reached skill level 7 in Unarmed Combat
  3006 | D:4      | Reached XP level 7. HP: 41/41 MP: 7/7
  3612 | D:4      | HP: 2/41 [orc priest/divine providence (17)]
  3838 | D:5      | Entered Level 5 of the Dungeon
  3900 | D:5      | Found a white marble altar of Elyvilon.
  3964 | D:5      | Found a white marble altar of Elyvilon.
  4026 | D:5      | Found a staircase to the Ecumenical Temple.
  4150 | Temple   | Entered the Ecumenical Temple
  4636 | D:6      | Reached skill level 8 in Unarmed Combat
  4637 | D:6      | Reached XP level 8. HP: 33/47 MP: 8/8
  4797 | D:6      | Reached skill level 9 in Unarmed Combat
  4963 | D:6      | Reached skill level 5 in Fighting
  5395 | D:6      | Reached XP level 9. HP: 48/55 MP: 9/9
  5448 | D:6      | Reached skill level 10 in Unarmed Combat
  5663 | D:7      | Found a shattered altar of Ashenzari.
  5665 | D:7      | Found a hide-covered altar of Uskayaw.
  5666 | D:7      | Found a bloodstained altar of Trog.
  5667 | D:7      | Found a glowing silver altar of Zin.
  5667 | D:7      | Found a sacrificial altar of Ru.
  5667 | D:7      | Found an ancient bone altar of Kikubaaqudgha.
  5667 | D:7      | Found a snail-covered altar of Cheibriados.
  5667 | D:7      | Found a shadowy altar of Dithmenos.
  5669 | D:7      | Found an iron altar of Okawaru.
  5670 | D:7      | Found a shimmering altar of Xom.
  5671 | D:7      | Found a basalt altar of Yredelemnul.
  5672 | D:7      | Found an opulent altar of Gozag.
  5675 | D:7      | Became a worshipper of Cheibriados the Contemplative
  5675 | D:7      | Reached * piety under Cheibriados
  5675 | D:7      | Reached ** piety under Cheibriados
  5727 | D:7      | Found Pekkus's Weapon Boutique.
  5737 | D:7      | Noticed Dowan
  5738 | D:7      | Noticed Duvessa
  5752 | D:7      | Killed Duvessa
  5756 | D:7      | Killed Dowan
  5767 | D:7      | Got a transparent hand axe
  5789 | D:7      | Identified the +7 hand axe "Zaoq" {flame, Dex+6} (You found
                  | it on level 7 of the Dungeon)
  6179 | D:7      | Noticed Menkaure
  6184 | D:7      | Killed Menkaure
  6273 | D:7      | Found the +3 salamander hide armour {+Rage rF++}
  6313 | D:7      | Reached skill level 11 in Unarmed Combat
  6340 | D:7      | Reached XP level 10. HP: 47/64 MP: 10/10
  6700 | D:8      | Reached *** piety under Cheibriados
  6730 | D:8      | Noticed Pikel
  6740 | D:8      | Killed Pikel
  6740 | D:8      | Reached skill level 12 in Unarmed Combat
  6889 | D:8      | Learned a level 1 spell: Apportation
  7265 | D:9      | Noticed Erolcha
  7267 | D:9      | Killed from afar by Erolcha

Illustrated notes

Levels and vault maps discovered:
D:1:      co_arrival_random_square_maze, layout_basic
D:2:      layout_loops_cross, uniq_robin
D:3:      layout_loops_cross
D:4:      layout_cave_pods
D:5:      layout_rooms, lemuel_crystal_altar, minmay_temple_entry_hall,
          first_ration, serial_curves, eino_curves_04, eino_curves_02,
          elyvilon_altar_1
D:6:      layout_basic, minmay_crossroads
D:7:      layout_rooms, minitemple, serial_rivers,
          chequers_serial_rivers_small_3, chequers_serial_rivers_marsh,
          chequers_serial_rivers_small_3, chequers_serial_rivers_large_a,
          chequers_serial_rivers_micro_a, chequers_serial_rivers_micro_a,
          serial_shops, shop, grunt_livestock, nrook_mini_backslash,
          uniq_duvessa, uniq_menkaure
D:8:      layout_cave_pools, minmay_crystal_room, uniq_pikel
D:9:      layout_basic, lair_entry_dummy, uniq_joseph, uniq_erolcha
Temple:   compressed_dpeg_triangle_lava_temple

Skill      XL: |  1  2  3  4  5  6  7  8  9 10 |
---------------+-------------------------------+-----
Unarmed Combat | 4 5 6 7 8 9 11 12 | 12.4
Armour         | 2 3 4 |  4.2
Fighting       | 5 7 8 |  8.4
Dodging        | |  2.4
Stealth        | |  2.1

Action                   |  1- 3 |  4- 6 |  7- 9 | 10-12 || total
-------------------------+-------+-------+-------+-------++-------
Melee: Unarmed           |   130 |   285 |   274 |    48 ||   737
       Punch             |     1 |    11 |    15 |     8 ||    35
Evoke: Wand              |       |       |     3 |       ||     3
  Use: Potion            |     3 |     3 |     4 |       ||    10
       Scroll            |       |       |     9 |       ||     9
  Eat: Chunk             |     1 |     6 |     9 |     3 ||    19
Armor: Robe              |    17 |       |       |       ||    17
       Ring mail         |    69 |   159 |       |       ||   228
       Scale mail        |       |     6 |   136 |    18 ||   160
Dodge: Dodged            |   113 |   186 |   136 |    22 ||   457
